 Dungeon Crawl Stone Soup version 0.17-a0-1186-gbffdd7f (webtiles) character file.

11325 Geeful the Covert (level 11, -21/87 HPs)
             Began as a Demonspawn Abyssal Knight on June 1, 2015.
             Was a High Priest of Lugonu.
             Demolished by Maud
             ... wielding a +2 demon trident
              (23 damage)
             ... on level 10 of the Dungeon.
             The game lasted 01:22:38 (15461 turns).

Geeful the Covert (Demonspawn Abyssal Knight)      Turns: 15461, Time: 01:22:38

Health: -21/87     AC: 12    Str: 13    XL:     11   Next: 47%
Magic:  0/13       EV: 17    Int: 13    God:    Lugonu [*****.]
Gold:   546        SH:  0    Dex: 16    Spells: 0 memorised, 10 levels left

rFire  + . .     SeeInvis .     a - +3 short sword (drain)
rCold  . . .     Clarity  +     O - +2 robe {rN+}
rNeg   + . .     SustAt   .     (no shield)
rPois  .         Gourm    .     (helmet restricted)
rElec  .         Spirit   +     H - +0 cloak
rCorr  .         Warding  .     r - +1 pair of gloves
rMut   .         Stasis   .     C - +2 pair of boots
MR     .....                    A - amulet of clarity
Stlth  ++++++....               J - ring of protection from fire
                                p - ring of stealth

@: not resistant to hostile enchantments, very stealthy
A: antennae 1, claws 1, hooves 1, thin metallic scales 1, powered by pain 2,
magic shield
a: Depart the Abyss, Bend Space, Banish, Corrupt, Enter the Abyss, Renounce
Religion


You were on level 10 of the Dungeon.
You worshipped Lugonu.
Lugonu was extremely pleased with you.
You were not hungry.

You visited 1 branch of the dungeon, and saw 11 of its levels.
You visited the Abyss 1 time.
You also visited: Labyrinth and Sewer.

You collected 676 gold pieces.
You spent 130 gold pieces at shops.

Inventory:

Hand weapons
 a - a +3 short sword of draining (weapon)
 b - a +2 dagger of electrocution
 m - a +1 dagger of venom
 D - a +0 blowgun
Missiles
 l - 15 tomahawks (quivered)
 u - 51 poisoned needles
Armour
 r - a +1 pair of gloves (worn)
 C - a +2 pair of boots (worn)
 F - a cursed +0 buckler
 H - a +0 cloak (worn)
 O - a +2 robe of positive energy (worn)
Rods
 j - a +1 rod of ignition (12/12)
   (You took it off a minotaur in a labyrinth)
Jewellery
 k - an uncursed ring of see invisible
 p - a ring of stealth (left hand)
 s - an uncursed amulet of resist corrosion
 v - an uncursed amulet of warding
 A - an amulet of clarity (around neck)
 J - a ring of protection from fire (right hand)
 L - an uncursed amulet of rage
 M - a +4 ring of strength
Magical devices
 h - a wand of fireball (6)
 i - a wand of enslavement (9)
 w - a wand of magic darts (32)
 y - a wand of lightning (8)
 P - a wand of frost (24)
 Q - a wand of slowing (34)
Scrolls
 f - 2 scrolls of recharging
 g - 2 scrolls of fog
 n - 6 scrolls of identify
 t - a scroll of fear
 B - 2 scrolls of remove curse
 E - a scroll of teleportation
 N - 4 scrolls of enchant armour
Potions
 e - 3 potions of flight
 o - 2 potions of agility
 x - 5 potions of curing
 z - 2 potions of mutation
Books
 q - a book of Summonings

   Spells                             Type                      Level
   a - Recall                         Summoning/Translocation      3
   b - Aura of Abjuration             Summoning                    5
   c - Shadow Creatures               Summoning                    5
   d - Summon Demon                   Summoning                    5
   e - Summon Forest                  Summoning/Translocation      5
   f - Summon Mana Viper              Hexes/Summoning              5
 G - a book of the Sky

   Spells                             Type                      Level
   a - Summon Lightning Spire         Summoning/Air                4
   b - Airstrike                      Air                          4
   c - Silence                        Hexes/Air                    5
   d - Deflect Missiles               Charms/Air                   6
   e - Conjure Ball Lightning         Conjuration/Air              6
   f - Tornado                        Air                          9
 K - a book of the Dragon

   Spells                             Type                      Level
   a - Flame Tongue                   Conjuration/Fire             1
   b - Cause Fear                     Hexes                        4
   c - Bolt of Fire                   Conjuration/Fire             6
   d - Dragon Form                    Transmutation                7
   e - Dragon's Call                  Summoning                    9
Comestibles
 c - 5 bread rations
 d - 6 meat rations
 I - 23 fruits


   Skills:
 - Level 8.5 Fighting
 - Level 7.8 Short Blades
 - Level 1.7 Armour
 - Level 7.3 Dodging
 - Level 11.1 Stealth
 * Level 2.9 Shields
 + Level 3.7 Invocations


You had 10 spell levels left.
You didn't know any spells.

Dungeon Overview and Level Annotations

Branches:
Dungeon (11/15)            Temple (0/1) D:7
   Lair: D:8-11         Orc: D:9-12

Altars:
Elyvilon
Fedhas
Gozag
Kikubaaqudgha
Okawaru
Qazlal
Ru
Sif Muna
Xom
Yredelemnul
Zin

Shops:
D:4 [   D:6 *

Annotations:
D:10 Maud


Innate Abilities, Weirdness & Mutations

You have large cloven feet.
You are partially covered in thin metallic scales (AC +2).
You sometimes gain power by taking damage.
When hurt, damage is shared between your health and your magic reserves.
You have a pair of small antennae on your head.
You have sharp fingernails.


Message History

The white ugly thing is heavily wounded.
You closely miss the white ugly thing.
The white ugly thing is heavily wounded.
The white ugly thing pecks you! The white ugly thing freezes you!!
* * * LOW HITPOINT WARNING * * *
You focus on the pain.
You feel your power returning.
A worker ant comes into view.
The white ugly thing closely misses you.
There is a stone staircase leading up here.
The white ugly thing pecks you.
* * * LOW HITPOINT WARNING * * *
The white ugly thing freezes you!!
* * * LOW HITPOINT WARNING * * *
You climb upwards.
Level annotation: Maud Maud hits you with an enchanted demon trident.
* * * LOW HITPOINT WARNING * * *
There is a stone staircase leading down here.
Maud hits you from afar with an enchanted demon trident!!
You die...

#####.# #.....# #.#####
#.# #.# ######## #.#
#......# #.#####
#......#
#.#...####......########
#.#.#.#.......u.@......#
...............>######.#
#.#.#(#..#.....@# #.#
#.#.#.#..#......# #.#
#.#.#.#.........# #.#
#.#<..#.........# #.#
#.#...#.........# #.#
#.#.#.#.........######.#
..#.#.#..............#.#


You could see Maud and a white ugly thing.

Vanquished Creatures
  A minotaur (Lab)
  Fannar (D:10)
  Pikel (D:9)
  A hill giant (D:10)
  Psyche (D:9)
  A centaur skeleton (D:10)
  2 ravens (D:8)
  A yak (D:11)
  Sigmund (D:8)
  The ghost of AnnoyedKobold the Nimble, an average SpAs (D:7)
  A wyvern (D:10)
  A human (D:5)
  2 deep elf magi (D:10)
  4 wandering mushrooms (D:8)
  3 hungry ghosts
  A hippogriff (D:10)
  A water moccasin (D:9)
  5 orc warriors
  Dowan (D:7)
  Duvessa (D:7)
  3 ice beasts
  3 sky beasts
  7 ogres
  3 centaurs
  A phantom (D:8)
  2 gnoll sergeants
  10 giant frogs
  2 scorpions
  3 killer bees (D:9)
  2 oklob saplings (D:8)
  6 crimson imps
  A centaur zombie (D:8)
  2 iguanas (D:9)
  A jelly (D:9)
  Crazy Yiuf (D:7)
  4 hounds
  4 orc wizards
  5 orc priests
  9 worker ants
  A hound zombie (D:9)
  6 gnolls
  7 adders
  A river rat (D:3)
  5 shadow imps
  A giant eyeball (D:10)
  An ooze (D:2)
  An adder skeleton (D:4)
  An adder zombie (D:8)
  A worm (D:5)
  5 giant geckos
  28 orcs
  A bat skeleton (D:6)
  A bat zombie (D:5)
  8 goblins
  11 hobgoblins
  5 jackals
  8 quokkas
  9 bats
  5 giant cockroaches
  A giant gecko skeleton (D:6)
  7 giant newts
  A goblin skeleton (D:5)
  17 kobolds
  A quokka skeleton (D:9)
  33 rats
266 creatures vanquished.

Vanquished Creatures (collateral kills)
  Snorg (D:10)
  A giant frog (D:7)
  4 gnolls (D:5)
  A river rat (D:3)
  An orc (D:10)
  A ball python (D:3)
  A jackal (Sewer)
  3 kobolds (Sewer)
  3 rats
16 creatures vanquished.

Vanquished Creatures (others)
  A hill giant (D:9)
  3 slaves (D:9)
  An ogre (D:9)
  2 orc wizards (D:9)
  2 adders (D:3)
  A giant gecko (D:9)
  An orc (D:9)
11 creatures vanquished.

Grand Total: 293 creatures vanquished

Notes
Turn   | Place    | Note
--------------------------------------------------------------
     0 | Abyss:1  | Geeful the Demonspawn Abyssal Knight began the quest for the Orb.
     0 | Abyss:1  | Reached XP level 1. HP: 18/18 MP: 2/2
    94 | Abyss:2  | Found a corrupted altar of Lugonu.
   151 | Abyss:2  | Noticed an earth elemental
   152 | Abyss:2  | Noticed a great orb of eyes
   177 | Abyss:2  | Paralysed by a great orb of eyes for 4 turns
   181 | D:1      | Escaped the Abyss
   428 | D:1      | Reached skill level 1 in Dodging
   584 | D:1      | Acquired Lugonu's first power
   654 | D:1      | Gained mutation: When hurt, damage is shared between your health and your magic reserves. [demonic ancestry]
   654 | D:1      | Reached XP level 2. HP: 24/24 MP: 3/3
   659 | D:1      | Reached skill level 1 in Stealth
  1264 | D:1      | Gained mutation: You have sharp fingernails. [potion of beneficial mutation]
  1706 | D:3      | Found a glowing drain.
  1733 | D:3      | Reached XP level 3. HP: 29/29 MP: 4/4
  1927 | Sewer    | Entered a sewer
  2060 | Sewer    | Noticed a big kobold
  2085 | Sewer    | Acquired Lugonu's second power
  2110 | Sewer    | Found a white marble altar of Elyvilon.
  2700 | D:2      | Reached XP level 4. HP: 26/35 MP: 3/5
  3976 | D:3      | Gained mutation: You sometimes gain a little power by taking damage. [demonic ancestry]
  3976 | D:3      | Reached XP level 5. HP: 41/41 MP: 6/6
  4149 | D:3      | Gained mutation: Your spells are a little harder to cast, but a little more powerful. [potion of beneficial mutation]
  4784 | D:4      | Found a white marble altar of Elyvilon.
  4965 | D:4      | Found a sacrificial altar of Ru.
  5043 | D:4      | Noticed an ogre
  5063 | D:4      | Killed an ogre
  5063 | D:4      | Reached XP level 6. HP: 46/48 MP: 7/7
  5108 | D:4      | Found a basalt altar of Yredelemnul.
  5155 | D:4      | Found Kusaet's Antique Armour Shop.
  5160 | D:4      | Bought a pair of embroidered boots for 130 gold pieces
  5214 | D:4      | Acquired Lugonu's third power
  5267 | D:4      | Gained mutation: Armour fits poorly on your strangely shaped body. [potion of mutation]
  5267 | D:4      | Gained mutation: You have a pair of small antennae on your head. [potion of mutation]
  5296 | D:5      | Entered Level 5 of the Dungeon
  5641 | D:4      | Reached skill level 4 in Fighting
  5685 | D:4      | Lost mutation: Your spells are a little harder to cast, but a little more powerful. [mutagenic meat]
  5686 | D:4      | Gained mutation: Your magical capacity is low (-10% MP). [mutagenic meat]
  5687 | D:4      | Gained mutation: Your body sometimes deteriorates upon taking damage. [mutagenic meat]
  5688 | D:4      | Gained mutation: You have large cloven feet. [mutagenic meat]
  5689 | D:4      | Gained mutation: You possess an exceptional clarity of mind. [mutagenic meat]
  5882 | D:5      | Lost mutation: Your body sometimes deteriorates upon taking damage. [potion of cure mutation]
  5882 | D:5      | Lost mutation: You have large cloven feet. [potion of cure mutation]
  5882 | D:5      | Lost mutation: Armour fits poorly on your strangely shaped body. [potion of cure mutation]
  5882 | D:5      | Lost mutation: You possess an exceptional clarity of mind. [potion of cure mutation]
  5882 | D:5      | Lost mutation: Your magical capacity is low (-10% MP). [potion of cure mutation]
  5934 | D:5      | Found a stormy altar of Qazlal.
  5936 | D:5      | Found a sacrificial altar of Ru.
  5945 | D:5      | Found a glowing silver altar of Zin.
  5949 | D:5      | Found a shimmering altar of Xom.
  6033 | D:5      | Found a runed door.
  6033 | D:5      | Noticed a human
  6049 | D:5      | Found a basalt altar of Yredelemnul.
  6101 | D:5      | Gained mutation: You have large cloven feet. [demonic ancestry]
  6101 | D:5      | Reached XP level 7. HP: 41/55 MP: 8/8
  6117 | D:5      | Killed a human
  6295 | D:5      | Reached skill level 5 in Stealth
  6381 | D:5      | Found an ancient bone altar of Kikubaaqudgha.
  6939 | D:6      | Reached skill level 5 in Fighting
  6939 | D:6      | Gained mutation: You sometimes gain power by taking damage. [demonic ancestry]
  6939 | D:6      | Reached XP level 8. HP: 60/62 MP: 9/9
  7253 | D:6      | Found an opulent altar of Gozag.
  7253 | D:6      | Found Gozag's Platinum Reserve.
  7330 | D:6      | Acquired Lugonu's fourth power
  7391 | D:6      | Reached skill level 6 in Stealth
  7746 | D:7      | Reached skill level 5 in Short Blades
  7980 | D:7      | Noticed AnnoyedKobold's ghost (average SpAs)
  8029 | D:7      | Killed AnnoyedKobold's ghost
  8029 | D:7      | Reached skill level 7 in Stealth
  8222 | D:7      | Reached XP level 9. HP: 69/69 MP: 10/10
  8304 | D:7      | Noticed Duvessa
  8304 | D:7      | Noticed Dowan
  8324 | D:7      | Killed Duvessa
  8350 | D:7      | Killed Dowan
  8709 | D:7      | Found a staircase to the Ecumenical Temple.
  8793 | D:7      | Reached skill level 5 in Dodging
  8991 | D:7      | Noticed Crazy Yiuf
  9007 | D:7      | Killed Crazy Yiuf
  9007 | D:7      | Reached skill level 8 in Stealth
  9816 | D:8      | Noticed Sigmund
  9829 | D:8      | Killed Sigmund
 10016 | D:8      | Acquired Lugonu's fifth power
 10421 | D:8      | Reached skill level 9 in Stealth
 10480 | D:8      | Reached XP level 10. HP: 61/79 MP: 6/11
 10748 | D:8      | Found a blossoming altar of Fedhas.
 10863 | D:8      | Found a deep blue altar of Sif Muna.
 11067 | D:9      | Noticed Psyche
 11092 | D:9      | Killed Psyche
 11346 | D:9      | Noticed a hill giant
 11370 | D:9      | Banished a hill giant
 11475 | D:9      | Noticed Pikel
 11511 | D:9      | Killed Pikel
 11511 | D:9      | Reached skill level 10 in Stealth
 11970 | D:9      | Found an iron altar of Okawaru.
 12061 | D:10     | Entered Level 10 of the Dungeon
 12174 | D:10     | Noticed Snorg
 12764 | D:10     | Noticed a hill giant
 12766 | D:10     | Killed Snorg
 13148 | D:10     | Killed a hill giant
 13148 | D:10     | Gained mutation: You are partially covered in thin metallic scales (AC +2). [demonic ancestry]
 13148 | D:10     | Reached XP level 11. HP: 69/86 MP: 9/12
 13350 | D:10     | Noticed Fannar
 13358 | D:10     | Killed Fannar
 13501 | D:10     | Noticed Maud
 14087 | D:10     | Reached skill level 11 in Stealth
 14379 | D:10     | Reached skill level 1 in Shields
 14594 | D:11     | Found a labyrinth entrance.
 14603 | Lab      | Entered a labyrinth
 15209 | Lab      | Noticed a minotaur
 15228 | Lab      | Killed a minotaur
 15460 | D:10     | HP: 2/87 [Maud/enchanted demon trident (4)]
 15461 | D:10     | Demolished by Maud

Vault maps used:
D:1:      matt_arrival_spirals, minmay_rat_gold_closets
D:3:      portal_sewer_entry_b, serial_corexii_hall, corexii_hall_statues_i,
          corexii_hall_statues_s, corexii_hall_statues_i, corexii_hall_statues_t
D:4:      lemuel_coloured_pillars_altar, old_standard_altar, serial_shops,
          kennysheep_little_box, first_bread, nicolae_ru_the_path_less_chosen
D:5:      lemuel_zombie_altar_kikubaaqudgha, nicolae_overflow_hidden_temple,
          minitemple, minmay_misc_feat_tiny, dk_yredelemnul_ordeal, uniq_sigmund
D:6:      nicolae_gozag_zags_fifth_avenue
D:7:      temple_fountains, serial_glass, glass_columns_b, glass_columns_c,
          glass_columns_a, minmay_misc_feat_four_crosses, uniq_duvessa,
          uniq_crazy_yiuf_cottage
D:8:      kennysheep_mini, hangedman_tree_tricks, roderic_ravens_nest
D:9:      okawaru_gym_becter, uniq_psyche, uniq_pikel
D:10:     onia_ninara_cookie, uniq_fannar, uniq_maud, uniq_snorg
D:11:     dpeg_lair_monsters, enter_trove_5, lab_entry_generic
Abyss:2:  hangedman_abyss_shoalhut
Lab:      labyrinth_watery, nicolae_lab_stuck, labyrinth_skeletal_remains
Sewer:    sewer_kobolds

Action                   |  1- 3 |  4- 6 |  7- 9 | 10-12 || total
-------------------------+-------+-------+-------+-------++-------
Melee: Short sword       |   120 |   102 |   293 |   389 ||   904
       Dagger            |       |     7 |   161 |    50 ||   218
 Fire: Blowgun           |       |    39 |    31 |    36 ||   106
Invok: Depart the Abyss  |     1 |       |       |       ||     1
       Banish            |       |       |       |     3 ||     3
 Abil: Evoke Berserk Rag |       |       |       |     1 ||     1
Evoke: Wand              |    18 |     3 |     9 |     3 ||    33
  Use: Scroll            |     7 |     6 |     8 |     7 ||    28
       Potion            |     7 |     6 |     4 |     3 ||    20
 Stab: Sleeping          |     3 |     9 |    12 |    15 ||    39
       Distracted        |       |     1 |     6 |     1 ||     8
       Betrayed ally     |       |       |     1 |       ||     1
  Eat: Chunk             |     6 |    13 |    15 |     6 ||    40
       Pizza             |       |     1 |       |     1 ||     2
       Royal jelly       |       |     1 |       |       ||     1
       Beef jerky        |       |       |       |     3 ||     3
       Meat ration       |       |       |       |     2 ||     2
